[Event "*** Titled Tuesday 3|2 Blitz"]
[Site "Chess.com"]
[Date "2016.10.04"]
[Round "7"]
[White "iturrizaga"]
[Black "pKiLz5Rn9b"]
[Result "1-0"]
[WhiteElo "2630"]
[BlackElo "2521"]
[TimeControl "180+2"]
[EndTime "18:33:24 PDT"]
[Termination "iturrizaga won by resignation"]

1. Nf3 Nf6 2. c4 e6 3. Nc3 Nc6 4. g3 Bb4 5. Bg2 d6 6. Na4 d5 7. cxd5 exd5 8. O-O O-O 9. a3 Bd6 10. b4 Ne5 11. Nd4 c6 12. d3 Re8 13.
Bb2 a5 14. b5 c5 15. Nb3 b6 16. d4 Nc4 17. Bc3 cxd4 18. Nxd4 Qc7 19. Nc6 Ne4 20.
Qxd5 Nxc3 21. Qxc4 Nxa4 22. Qxa4 Bb7 23. e3 Bc5 24.
Rfd1 g6 25. Qc4 Re6 26. a4 Rd6 27. Rac1 Re8 28. Rxd6 Qxd6 29. Nxa5 Bxg2 30. Kxg2 Bxe3 31. Re1 bxa5 32. Rxe3 Rxe3 33. fxe3 h5 34. Qc8+ Kh7 35. Qc3 Qd8 36. e4 h4 37. gxh4 Qe7 38. Qf3 Kg7 39.
Qc3+ Kh7 40. Qe1 Kg7 41. h3 Qc7 42. Qf2 Qc4 43. Qb2+ Kh7 44. b6 Qxe4+ 45. Kf2 Qxh4+ 46. Kg2 Qg5+ 47. Kh1 Qd5+ 48. Kh2 Qd6+ 49. Kg2 Qc6+ 50. Kg1 Qc5+ 51. Qf2 Qc1+ 52. Kh2 f5 53. Qd4 Qc2+ 54. Kg3 Qb3+ 55. Kf4 Qb1 56. Ke5 f4 57. Kxf4 Qf5+ 58. Kg3 Qg5+ 59. Kf2 Qf5+ 60. Kg2 Qg5+ 61. Kh2 Qe7 62.
h4 Qf7 63. Kg3 Qb3+ 64. Kf4 Qf7+ 65. Ke5 Qe7+ 66. Kd5 Qd7+ 67. Kc5 Qe8 68. b7 Qe7+ 69.
Kb6 Qe6+ 70. Ka7 Qe7 71. Ka8 Qe8+ 72. b8=Q Qc6+ 73. Qb7+ 1-0

[Event "*** Titled Tuesday 3|2 Blitz"]
[Site "Chess.com"]
[Date "2016.10.04"]
[Round "7"]
[White "Kawhi_Leonard2"]
[Black "MFBerna"]
[Result "0-1"]
[WhiteElo "2014"]
[BlackElo "2187"]
[TimeControl "180+2"]
[EndTime "18:35:09 PDT"]
[Termination "MFBerna won by resignation"]

1. e4 e5 2. Nf3 Nc6 3. Bb5 a6 4.
Ba4 Nf6 5. O-O Be7 6. Re1 b5 7. Bb3 O-O 8. c3 d6 9. h3 Na5 10. Bc2 c5 11. d4 Qc7 12. Nbd2 Bd7 13. d5 c4 14. Nf1 Nb7 15. g4 Nc5 16. Ng3 a5 17.
Qe2 Nb7 18. Nd2 g6 19. a4 Rfc8 20. axb5 Bxb5 21. Ba4 Qb6 22. Ngf1 Nc5 23. Bxb5 Qxb5 24. Qxc4 Qxc4 25. Nxc4 Nd3 26. Re3 Nxc1 27. Nb6 Nb3 28.
Ra3 Nc5 29. Nxc8 Rxc8 30. f3 a4 31. Nd2 Rb8 32. Nc4 Nfd7 33. Re1 Nb6 34. Nxb6 Rxb6 35. Ra2 Bg5 36. Kf1 Nd3 37. Rd1 Nc5 38. Ke2 Rb3 39. Rh1 Bd8 40. h4 h5 41. gxh5 gxh5 42. Kd2 Kh7 43. Kc2 Rb7 44. Raa1 f5 45. Rh2 Rg7 46.
exf5 Rf7 47. Rg2 Rxf5 48. Rag1 Rf7 49. Rg6 Bf6 50. Rg8 Bxh4 51. Ra8 Bf6 52. Rh1 h4 53. Rh3 Bg5 54. Rb8 Rg7 55. Rb6 Be7 56. Rc6 Rg3 57. Rh1 Kg6 58. Rc7 Bf6 59. Rc6 Be7 60. Rc7 Rg2+ 61.
Kb1 Bf6 62. Rc6 Nd3 63. Rxd6 Rxb2+ 64. Ka1 Kf5 65. Rxf6+ Kxf6 66. Rxh4 Rf2 67. Rxa4 Rxf3 68. c4 e4 69. Ra6+ Kf7 70. Re6 e3 71. Kb1 Nc5 72.
Re5 Nd7 73. Re6 Nc5 74. Re5 Nd3 75.
Re4 Nc5 76. Re5 Rf1+ 77. Kc2 Rf2+ 78. Kd1 Rf3 79. Ke2 Rf4 80. Kxe3 Rxc4 81. d6 Ne6 82. Kd3 Rd4+ 83. Ke3 Rxd6 84. Re4 Kf6 85. Rb4 Nc5 86. Kf3 Rd3+ 87. Ke2 Rh3 88. Rc4 Ne6 89. Rb4 Ke5 90. Rb8 Nd4+ 91. Kf2 Kf4 92. Rf8+ Nf5 93.
Ke2 Ra3 94. Kd2 Ke4 95. Re8+ Kd5 96. Rd8+ Nd6 97. Ke2 Ke5 98. Kd2 Nc4+ 99. Ke2 Ra2+ 100. Kd3 Rd2+ 101. Kxc4 Rxd8 0-1

[Event "*** Titled Tuesday 3|2 Blitz"]
[Site "Chess.com"]
[Date "2016.10.04"]
[Round "7"]
[White "Fins0905"]
[Black "NTBT_DHS"]
[Result "0-1"]
[WhiteElo "2427"]
[BlackElo "2461"]
[TimeControl "180+2"]
[EndTime "18:40:19 PDT"]
[Termination "NTBT_DHS won on time"]

1. Nf3 g6 2. g3 Bg7 3. Bg2 d6 4.
O-O Nf6 5. d4 O-O 6. b3 a5 7. a4 c5 8. Bb2 Nc6 9. Na3 Bf5 10. Nc4 Nb4 11. Rc1 Rc8 12. Nh4 Be4 13.
dxc5 Bxg2 14. Nxg2 Rxc5 15. Bd4 Rd5 16. Nce3 Rxd4 17.
Qxd4 Nfd5 18. Qe4 Nc3 19. Qf3 d5 20. Nf4 e5 21. Nexd5 e4 22. Qxc3 Bxc3 23. Nxc3 g5 24. Ng2 Qd4 25. Nb5 Qd2 26. Ne3 f5 27. Rcd1 Qxe2 28.
Nd4 Qh5 29. Ndxf5 Nxc2 30. Nxc2 Rxf5 31. Ne3 Rf7 32. Rd5 h6 33. h4 Rg7 34. Nf5 Rf7 35. Re1 Kh7 36. Rxe4 Qf3 37. Ree5 gxh4 38. gxh4 Qg4+ 39.
Ng3 Qf3 40. Rd2 Qf4 41. Rde2 Qxh4 42. Rxa5 Rg7 43. Kg2 Qg4 44. Rae5 h5 45. R2e4 Qg6 46. Rh4 Qc6+ 47. Kh2 Qc2 48. Rexh5+ Kg8 49. Rh8+ Kf7 50. Rf4+ Ke6 51. Re8+ Kd7 52. Re2 Qxb3 53. Re3 Qc2 54. Kg2 Kc7 55. Ree4 Kb8 56. Rc4 Qd3 57. Rcd4 Qb3 58.
Rb4 Qd5+ 59. Kg1 Ka7 60. Rb5 Qd1+ 61. Kg2 Qc2 62. Ra5+ Kb8 63. Rb5 Qc6+ 64. Kg1 Rg8 65. Rfb4 Rg7 66. Rb6 Qf3 67. Rb3 Qd1+ 68. Kg2 Qd5+ 69.
Kg1 Rg4 70. Rxb7+ Kc8 71. R7b5 Qd1+ 72. Kg2 Rxa4 73. Rc3+ Kd7 74. Rb7+ Ke6 75. Re3+ Kd6 76. Rb6+ Kc7 77. Rbe6 Qd5+ 78. R6e4 Ra2 79. Kf3 Rc2 80.
Kg2 Rc4 81. Kf3 Kb6 82. Kg2 Rc8 83. Kg1 Rc1+ 84. Re1 Rc2 85. R4e2 Rc3 86. Rb1+ Kc6 87. Rbe1 Qd4 88. Re6+ Kb5 89. R1e5+ Rc5 90. Rxc5+ Kxc5 91. Re4 Qd1+ 92. Kg2 Kd5 93. Re3 Qc1 94. Ne2 Qc8 95.
Nf4+ Kd4 96. Ne6+ Kd5 97. f4 Qc1 98. Re5+ Kd6 99. Kf3 Qg1 100. Ng5 Qf1+ 101. Kg4 Qg2+ 102. Kf5 Qc2+ 103. Kf6 Kd7 104. Ne6 Qh2 105. Nf8+ Kd8 106. Ne6+ Ke8 107. Ng5+ Kd7 108. Re4 Qh6+ 109. Kf7 Qh5+ 110. Kg7 Qg4 111. Kf6 Qg2 112. Re5 Qf2 113. f5 Qd4 114. Ne4 Kd8 115. Ke6 Qd7+ 116. Kf6 Qd4 117. Nc5 Qh4+ 118. Ke6 Qe7+ 119. Kd5 Qf6 120. Ne4 Qf7+ 121. Kd4 Qb3 122. f6 Qb4+ 123. Ke3 Qb3+ 124. Kf4 Qa2 125. Kf5 Kd7 126. Re7+ Kd8 127. Ng5 Qc2+ 128. Kf4 Qc4+ 129. Ne4 Qd4 130. Kf5 Qd5+ 131. Kg6 Qg8+ 132. Rg7 Qe8+ 133. Kf5 Qb5+ 134. Kf4 Qf1+ 135. Kg5 Qg2+ 136. Kf5 Qf3+ 137. Ke5 Ke8 138. Ng5 Qe3+ 139. Kf5 Qd3+ 140. Ke6 Qc4+ 141. Kf5 Qd5+ 142. Kg6 Qd3+ 143. Kh6 Qf5 144. Re7+ Kd8 145. Ne6+ Kc8 146. Kg7 Qg4+ 147. Kf8 Qh5 148. Rg7 Qh8+ 149. Kf7 Qh5+ 150. Ke7 Qh4 151. Rg8+ Kb7 152. Rg5 Qb4+ 153. Ke8 Qe4 154. Kf7 Kc8 155. Rc5+ Kd7 156. Rc7+ Kd6 157. Re7 Qh7+ 158. Ng7 Qh3 159. Re6+ Kd7 160. Re7+ Kd6 161. Re1 Qb3+ 162. Kf8 Qb4 163. Re7 Qh4 164. Ne8+ Kc6 165. Kf7 Qh5+ 166. Kg7 Qg5+ 167. Kh8 Qh6+ 168. Kg8 Qg6+ 169. Kf8 Qh5 170. Ng7 Qg6 0-1

[Event "*** Titled Tuesday 3|2 Blitz"]
[Site "Chess.com"]
[Date "2016.10.04"]
[Round "8"]
[White "GGuseinov"]
[Black "jcibarra"]
[Result "0-1"]
[WhiteElo "2566"]
[BlackElo "2675"]
[TimeControl "180+2"]
[EndTime "18:46:11 PDT"]
[Termination "jcibarra won by resignation"]

1. e4 e5 2. Nf3 d6 3. d4 exd4 4. Nxd4 Nf6 5. Nc3 Be7 6. g3 d5 7.
e5 Ng4 8. Bg2 O-O 9. Nxd5 Bc5 10. c3 Nxe5 11. O-O Bg4 12. Qb3 Nbc6 13. Qxb7 Bxd4 14. cxd4 Nxd4 15. h3 Bf3 16. Bf4 Ne2+ 17.
Kh2 Nxf4 18. gxf4 Rb8 19. Qxc7 Qxd5 20. Qxe5 Bxg2 0-1

[Event "*** Titled Tuesday 3|2 Blitz"]
[Site "Chess.com"]
[Date "2016.10.04"]
[Round "8"]
[White "jk13"]
[Black "Joshukid"]
[Result "1-0"]
[WhiteElo "2495"]
[BlackElo "2361"]
[TimeControl "180+2"]
[EndTime "18:46:28 PDT"]
[Termination "jk13 won by resignation"]

1. e4 c5 2. c3 Nf6 3. e5 Nd5 4. Nf3 Nc6 5. Bc4 e6 6. d4 cxd4 7. cxd4 Bb4+ 8. Nbd2 d6 9. O-O O-O 10. a3 Ba5 11. Ne4 dxe5 12. dxe5 Bc7 13. Bg5 Qd7 14.
Nc5 Qe8 15. Re1 h6 16. Bh4 Bd8 17. Bg3 Be7 18. Ne4 Qd8 19. Qe2 b6 20. Red1 Bb7 21.
h4 Rc8 22. Ba2 a6 23. h5 b5 24. Bb1 Na5 25. Qd3 g6 26. hxg6 fxg6 27. Nd6 Rf5 28. Nd4 Bxd6 29. exd6 Nc4 30. Nxf5 gxf5 31. Qe2 Qf6 32. Ba2 Qxb2 33. Qxe6+ 1-0

[Event "*** Titled Tuesday 3|2 Blitz"]
[Site "Chess.com"]
[Date "2016.10.04"]
[Round "8"]
[White "AdrianaNikolova"]
[Black "talaicito"]
[Result "1-0"]
[WhiteElo "2245"]
[BlackElo "1972"]
[TimeControl "180+2"]
[EndTime "18:46:34 PDT"]
[Termination "AdrianaNikolova won on time"]

1. e4 e6 2. d4 d5 3. Nd2 Nf6 4. e5 Nfd7 5. c3 c5 6. f4 Nc6 7. Ndf3 Qb6 8. a3 a5 9. b3 Be7 10. Bb2 cxd4 11. cxd4 a4 12. b4 Na5 13. Bd3 Nc4 14.
Bxc4 dxc4 15. Ne2 Qc6 16. d5 Qxd5 17. Qxd5 exd5 18. Nfd4 O-O 19. O-O-O Nb8 20. Nb5 Bg4 21. Rhe1 Nc6 22. Nc7 Rac8 23. Nxd5 Bh4 24. g3 Bd8 25. Ne3 Bf3 26. Rd7 c3 27. Bxc3 Bb6 28. Nc2 1-0

[Event "*** Titled Tuesday 3|2 Blitz"]
[Site "Chess.com"]
[Date "2016.10.04"]
[Round "8"]
[White "GianmarcoVaR"]
[Black "agser"]
[Result "0-1"]
[WhiteElo "2389"]
[BlackElo "2521"]
[TimeControl "180+2"]
[EndTime "18:46:55 PDT"]
[Termination "agser won on time"]

1. d4 Nf6 2. Nf3 e6 3. c4 b6 4. g3 Ba6 5. Qc2 c5 6. d5 exd5 7. cxd5 Bb7 8. Bg2 Nxd5 9. O-O Be7 10. Rd1 Nc6 11. a3 Nc7 12. Nc3 Ne6 13. Nd5 O-O 14.
e3 Re8 15. b3 Bf8 16. Bb2 Ne7 17. Nxe7+ Qxe7 18. Ng5 Nxg5 19. Bxb7 Rad8 20. Bd5 d6 21. h4 Ne4 22. Bc6 Qe6 0-1

[Event "*** Titled Tuesday 3|2 Blitz"]
[Site "Chess.com"]
[Date "2016.10.04"]
[Round "8"]
[White "IamSchrodingersCat"]
[Black "Iwannabetheguy"]
[Result "0-1"]
[WhiteElo "2251"]
[BlackElo "2029"]
[TimeControl "180+2"]
[EndTime "18:47:13 PDT"]
[Termination "Iwannabetheguy won by resignation"]

1. e4 c5 2. Nf3 d6 3. d4 cxd4 4. Nxd4 Nf6 5. Nc3 g6 6. Be3 Bg7 7. f3 O-O 8. Qd2 Nc6 9. O-O-O d5 10. Qe1 e6 11. h4 Qa5 12. Nxc6 bxc6 13. e5 Nd7 14. f4 c5 15. Bd2 d4 16. Nb1 Qxa2 17.
h5 Rb8 18. b3 Bb7 19. hxg6 fxg6 20. Bd3 Bd5 21. Qh4 h6 22. Rdf1 c4 23. Bxg6 cxb3 24. c3 b2+ 25. Kd1 Nc5 26. cxd4 Ne4 27. Ke2 Qc4+ 28. Kf3 Nxd2+ 29. Kg4 Qe2+ 0-1

[Event "*** Titled Tuesday 3|2 Blitz"]
[Site "Chess.com"]
[Date "2016.10.04"]
[Round "8"]
[White "minnesotachessmaster"]
[Black "FearNoEvil12"]
[Result "1-0"]
[WhiteElo "1818"]
[BlackElo "1992"]
[TimeControl "180+2"]
[EndTime "18:47:16 PDT"]
[Termination "minnesotachessmaster won by resignation"]

1. e4 a6 2. d4 b5 3. c4 bxc4 4. Bxc4 e6 5. Nc3 Bb7 6. Nf3 Nf6 7. e5 Ne4 8. O-O Nxc3 9. bxc3 Be7 10. Qd3 O-O 11. Bb3 Nc6 12. Bc2 g6 13. Bh6 Re8 14. Rfe1 Bf8 15. Bxf8 Rxf8 16. Qe3 Ne7 17.
Qh6 f6 18. exf6 Rxf6 19. Ng5 Rf7 20. Nxf7 Kxf7 21. Qxh7+ Kf8 22. Bxg6 Nxg6 23. Qxg6 Qe7 24. Re3 Qg7 25. Qxg7+ Kxg7 26. c4 Kf7 27. Rb1 Bc6 28. h4 Rg8 29. g3 Rg4 30. Rd1 d5 31. c5 Bb5 32. Kh2 Bc4 33. a4 Rg8 34. Re5 Rb8 35. g4 Rb2 36. Kg3 Ra2 37. h5 Rxa4 38. h6 Ra3+ 39.
f3 Ra2 40. Rh1 Kg8 41. h7+ Kh8 42. Rxe6 Bb5 43. Rg6 1-0

[Event "*** Titled Tuesday 3|2 Blitz"]
[Site "Chess.com"]
[Date "2016.10.04"]
[Round "8"]
[White "Quiet_Desperation"]
[Black "ka1ser64"]
[Result "0-1"]
[WhiteElo "2208"]
[BlackElo "2235"]
[TimeControl "180+2"]
[EndTime "18:47:17 PDT"]
[Termination "ka1ser64 won by resignation"]

1. e4 e6 2. d4 d5 3. Nc3 Nc6 4. Nf3 Nf6 5. e5 Ne4 6. Bd3 Bb4 7. Bd2 Nxd2 8. Qxd2 f6 9. a3 Be7 10. O-O fxe5 11.
Nxe5 Nxe5 12. dxe5 O-O 13. f4 c5 14. Rf3 c4 15. Be2 b6 16. Rd1 Bb7 17. Kh1 Qc7 18. Rh3 Bc5 19. Bf3 a6 20. Ne2 Qf7 21. g3 d4 22. Ng1 Rad8 23. Qg2 Bxf3 24. Nxf3 Qf5 25. Ng5 h6 26. Ne4 Rd5 27. Nxc5 bxc5 28. Rh4 Rfd8 29.
Qe2 d3 30. cxd3 cxd3 31. Qf3 c4 32. g4 Qf7 33. g5 hxg5 34. Rg4 Rxe5 35. Qc6 Qh5 36.
Qf3 Re2 37. Qg3 Rxh2+ 38. Qxh2 Qxg4 0-1

[Event "*** Titled Tuesday 3|2 Blitz"]
[Site "Chess.com"]
[Date "2016.10.04"]
[Round "8"]
[White "cheese111"]
[Black "Shivagami"]
[Result "0-1"]
[WhiteElo "2276"]
[BlackElo "2001"]
[TimeControl "180+2"]
[EndTime "18:47:49 PDT"]
[Termination "Shivagami won by resignation"]

1. e4 Nc6 2. Nf3 d6 3. d4 Nf6 4. Nc3 Bg4 5. Bb5 a6 6. Bxc6+ bxc6 7. h3 Bh5 8. Be3 e6 9. O-O Be7 10. Qe2 O-O 11. Rad1 d5 12. Bf4 Nd7 13. Qe3 Nb6 14. b3 dxe4 15. Qxe4 Nd5 16. Bd2 Bb4 17. Na4 Bxd2 18.
Rxd2 Qf6 19. Ne5 Qg5 20. f4 Qg3 21. Nxc6 Ne3 22. Rf3 Qe1+ 23. Kh2 Nf1+ 24. Rxf1 Qxe4 0-1

[Event "*** Titled Tuesday 3|2 Blitz"]
[Site "Chess.com"]
[Date "2016.10.04"]
[Round "8"]
[White "SwiftyMcBishop"]
[Black "brightthunder"]
[Result "0-1"]
[WhiteElo "2069"]
[BlackElo "2306"]
[TimeControl "180+2"]
[EndTime "18:47:58 PDT"]
[Termination "brightthunder won on time"]

1. e4 c5 2. Nf3 e6 3. c3 Nf6 4. e5 Nd5 5. d4 cxd4 6. cxd4 d6 7.
Bc4 Be7 8. O-O O-O 9. Qe2 b6 10. Bd3 Bb7 11. Qe4 g6 12. Bh6 Re8 13. Qg4 Ba6 14. Bxa6 Nxa6 15. Nc3 Nxc3 16. bxc3 Rc8 17. Ng5 dxe5 18. dxe5 Qd3 19. Nxe6 Qd7 20. Qe2 Qxe6 21. Qxa6 g5 22. Bxg5 Bxg5 23. f4 Be7 24. Rf3 Bc5+ 25. Kh1 Rcd8 26. Raf1 Rd2 27. Rg3+ Kh8 28. Qb7 Qd5 29.
Qc7 Rd1 30. Rf3 Rg8 0-1

[Event "*** Titled Tuesday 3|2 Blitz"]
[Site "Chess.com"]
[Date "2016.10.04"]
[Round "8"]
[White "gmshanmeruga"]
[Black "Noukii"]
[Result "0-1"]
[WhiteElo "2308"]
[BlackElo "2595"]
[TimeControl "180+2"]
[EndTime "18:48:00 PDT"]
[Termination "Noukii won by resignation"]

1. Nf3 Nf6 2. g3 d5 3. Bg2 c6 4.
O-O Bg4 5. Ne5 Bf5 6. d4 Nbd7 7. c3 e6 8. Bf4 Be7 9. Nd2 O-O 10. Re1 Nxe5 11.
Bxe5 Nd7 12. Bf4 a5 13. e4 Bg6 14. exd5 cxd5 15. Nf3 a4 16. Ne5 Nxe5 17. Bxe5 Qb6 18.
Qe2 Rfc8 19. h4 a3 20. b3 Rxc3 21. h5 Bf5 22. h6 g5 23. g4 Bg6 24. Bg3 Bf8 25.
Rac1 Rxc1 26. Rxc1 Qxd4 27. Be5 Qd3 28. Qe1 Bxh6 29. Bf1 Qf3 30. Be2 Qe4 31. Bg3 Bg7 32. Qd2 h6 33. Rc7 Qb1+ 34. Kh2 Qb2 35. Qe3 Qxa2 36.
Be5 Bxe5+ 37. Qxe5 Qb2 38. Qd6 Qxe2 39. Kh3 Qf3+ 40.
Kh2 Qxf2+ 41. Kh3 Qf3+ 42. Kh2 Be4 43. Rc8+ Rxc8 44. Qf8+ Kxf8 0-1

[Event "*** Titled Tuesday 3|2 Blitz"]
[Site "Chess.com"]
[Date "2016.10.04"]
[Round "8"]
[White "Scott-fox21"]
[Black "GasconJR"]
[Result "0-1"]
[WhiteElo "2157"]
[BlackElo "2279"]
[TimeControl "180+2"]
[EndTime "18:48:03 PDT"]
[Termination "GasconJR won on time"]

1. d4 Nf6 2. c4 b6 3. Nc3 Bb7 4.
Bg5 Ne4 5. Nxe4 Bxe4 6. f3 Bb7 7. e4 f6 8. Be3 e5 9. dxe5 Bb4+ 10. Bd2 Bxd2+ 11. Qxd2 fxe5 12. O-O-O O-O 13. Nh3 d6 14. c5 bxc5 15. Bc4+ Kh8 16. Ng5 Nc6 17. Ne6 Qe7 18. Nxf8 Rxf8 19. Bd5 Nd8 20. Bxb7 Nxb7 21. h4 Nd8 22. h5 Ne6 23. h6 g6 24. Qa5 Nd4 25. Qxa7 Qd7 26. Kb1 Qc6 27. Qa5 Ra8 28.
Qc3 Qa4 29. a3 Rb8 30. f4 Rb3 31. Qd2 c4 32. Rh3 Rxh3 33. gxh3 c3 0-1

[Event "*** Titled Tuesday 3|2 Blitz"]
[Site "Chess.com"]
[Date "2016.10.04"]
[Round "8"]
[White "theprosecution1"]
[Black "BillieKimbah"]
[Result "0-1"]
[WhiteElo "2488"]
[BlackElo "2557"]
[TimeControl "180+2"]
[EndTime "18:48:12 PDT"]
[Termination "BillieKimbah won by resignation"]

1. e4 e5 2. Nf3 Nc6 3. Nc3 Nf6 4.
Bb5 Bb4 5. O-O O-O 6. d3 Bxc3 7. bxc3 d6 8. Bg5 Bd7 9. Rb1 Rb8 10. Re1 h6 11. Bh4 a6 12. Ba4 Ne7 13. Bxd7 Nxd7 14.
d4 f6 15. c4 Ng6 16. Bg3 Kh8 17. c3 Qe8 18. Rb3 Nb6 19. c5 dxc5 20. dxc5 Na4 21.
Qd5 Qc6 22. Qxc6 bxc6 23. Reb1 Rxb3 24. Rxb3 Nxc5 25. Rb4 Rd8 26. h4 Nf8 27. h5 Nfe6 28. Nh4 a5 29. Rc4 Rd1+ 30. Kh2 Rd2 31. f3 Rxa2 32. Kg1 Ra4 33. Rxa4 Nxa4 34. Be1 Nb2 35. Bd2 a4 36. Bc1 a3 37. Kf1 Nc4 0-1

[Event "*** Titled Tuesday 3|2 Blitz"]
[Site "Chess.com"]
[Date "2016.10.04"]
[Round "8"]
[White "MFBerna"]
[Black "NTBT_DHS"]
[Result "0-1"]
[WhiteElo "2184"]
[BlackElo "2464"]
[TimeControl "180+2"]
[EndTime "18:48:13 PDT"]
[Termination "NTBT_DHS won on time"]

1. e4 g6 2. d4 Bg7 3. Nf3 a6 4. Nc3 d6 5. h3 b5 6. Bd3 Nd7 7. O-O c5 8. d5 Ngf6 9. a4 c4 10. Be2 b4 11. Na2 a5 12. Bxc4 Nxe4 13. Re1 Ndc5 14. Nd4 Qb6 15. Bb5+ Bd7 16. Bxd7+ Kxd7 17. Qg4+ f5 18. Nxf5 gxf5 19. Qxg7 Rhg8 20. Qd4 Rg6 21. g3 Rag8 22. Bf4 Nxa4 23. Qxb6 Nxb6 24. Rad1 Rc8 25. Re2 Rc5 26. Be3 Rxd5 27. Ra1 Nc4 28. Bc1 Rd1+ 29. Kg2 d5 30. b3 Ne5 31. Bb2 Rxa1 32.
Bxa1 Nc6 33. Nc1 f4 34. g4 h5 35. f3 hxg4 36. hxg4 Nc3 37. Rd2 Kd6 38. Ne2 Nxe2 39. Rxe2 d4 40. Re4 e5 41. Kf1 Kd5 42. Re2 Rh6 43.
Kg2 Ne7 44. Bb2 Ng6 45. Bc1 Nh4+ 46. Kf2 Rc6 47. Rd2 Rc3 48. Re2 Rxf3+ 49. Ke1 Rg3 50.
Kd1 Nf3 0-1

[Event "*** Titled Tuesday 3|2 Blitz"]
[Site "Chess.com"]
[Date "2016.10.04"]
[Round "8"]
[White "rithwik2002"]
[Black "JMatias"]
[Result "0-1"]
[WhiteElo "1971"]
[BlackElo "2227"]
[TimeControl "180+2"]
[EndTime "18:48:16 PDT"]
[Termination "JMatias won by resignation"]

1. e4 e6 2. d4 d5 3. Nc3 Nf6 4.
e5 Nfd7 5. Nce2 c5 6. c3 Nc6 7. f4 a5 8. Nf3 a4 9. a3 Nb6 10. h4 Na5 11. g4 Nb3 12. Rb1 Nc4 13. Bh3 Be7 14. Bg2 h6 15. Ng3 Qb6 16. f5 cxd4 17. cxd4 Nxc1 18. Qxc1 Qb3 19. Nh5 Rg8 20. Rh3 exf5 21. g5 f4 22. Rh1 hxg5 23. hxg5 Bf5 24. Qxf4 Qe3+ 25. Qxe3 Nxe3 26. Kf2 Nxg2 27. Kxg2 Bxb1 28.
Rxb1 Rc8 29. Rf1 Rc2+ 30. Kg3 Rxb2 31. e6 f6 32. gxf6 gxf6+ 33. Kf4 Re2 34. Kf5 Re3 35. Kf4 Re4+ 36. Kf5 Re3 37. Kf4 Rxa3 38. Rc1 Bd6+ 39. Kf5 Rxf3+ 0-1

[Event "*** Titled Tuesday 3|2 Blitz"]
[Site "Chess.com"]
[Date "2016.10.04"]
[Round "8"]
[White "GulamaliRises"]
[Black "nonscitis"]
[Result "1-0"]
[WhiteElo "2469"]
[BlackElo "2304"]
[TimeControl "180+2"]
[EndTime "18:48:35 PDT"]
[Termination "GulamaliRises won by resignation"]

1. e4 c5 2. Nf3 d6 3. d4 cxd4 4.
Nxd4 Nf6 5. Nc3 a6 6. Bg5 Nbd7 7.
Qe2 Qc7 8. f4 h6 9. Bxf6 Nxf6 10.
e5 dxe5 11. fxe5 Ng4 12. e6 Qe5 13. exf7+ Kxf7 14. O-O-O Qe3+ 15. Kb1 Qxe2 16. Bxe2 Nf6 17. Bc4+ Kg6 18. Be6 b5 19. Rhe1 Bb7 20. a4 b4 21.
Nce2 Kh7 22. Nf4 Bc8 23. Nc6 Bxe6 24. Nxe6 Ng8 25. Nxb4 a5 26. Nc6 Kg6 27. Rd5 Nf6 28.
Rxa5 Rxa5 29. Nxa5 Kf7 30. Nc6 g5 31. a5 Bg7 32.
Nxg7 Kxg7 33. Rxe7+ Kg6 34. a6 Nd5 35. Rd7 Nf4 36.
g3 Ne6 37. a7 Ra8 38. b4 Kf6 39. Rb7 h5 40. b5 Nc5 41. Rb8 1-0

[Event "*** Titled Tuesday 3|2 Blitz"]
[Site "Chess.com"]
[Date "2016.10.04"]
[Round "8"]
[White "pKiLz5Rn9b"]
[Black "Tarlev_Konstantin"]
[Result "0-1"]
[WhiteElo "2515"]
[BlackElo "2595"]
[TimeControl "180+2"]
[EndTime "18:48:45 PDT"]
[Termination "Tarlev_Konstantin won by resignation"]

1. e4 c5 2. c3 d5 3. exd5 Qxd5 4. d4 Nf6 5. Nf3 Nc6 6. Be2 e6 7. Be3 cxd4 8. cxd4 Be7 9. Nc3 Qd6 10. O-O O-O 11. a3 b6 12. Nb5 Qd8 13. Rc1 Bb7 14. Ne5 Nxe5 15. dxe5 Nd5 16. Bd2 a6 17. Nd4 Qd7 18. Bf3 Rfc8 19. Qe2 b5 20. Nb3 Nb6 21. Bxb7 Qxb7 22.
Na5 Qd7 23. Rfd1 Nd5 24. Nb3 Rxc1 25. Rxc1 Rc8 26. Qd3 Rxc1+ 27. Bxc1 Qc7 28. Qe2 Bf8 29. g3 g6 30. Kg2 Bg7 31. f4 Bf8 32. Qd3 Qb7 33.
Qf3 Qc6 34. h4 Qc2+ 35. Kh3 h5 36. g4 hxg4+ 37. Kxg4 a5 38. Bd2 a4 39. Nd4 Qxd2 40.
Nxb5 Ne3+ 41. Kg3 Nf5+ 42. Kh3 Qxb2 43. Nc7 Qxa3 0-1

[Event "*** Titled Tuesday 3|2 Blitz"]
[Site "Chess.com"]
[Date "2016.10.04"]
[Round "8"]
[White "platy3"]
[Black "iturrizaga"]
[Result "1-0"]
[WhiteElo "2756"]
[BlackElo "2619"]
[TimeControl "180+2"]
[EndTime "18:48:47 PDT"]
[Termination "platy3 won by resignation"]

1. e4 c5 2. Nf3 Nc6 3. Bb5 g6 4.
c3 Nf6 5. Qe2 Bg7 6. O-O O-O 7.
d4 cxd4 8. cxd4 d5 9. e5 Ne4 10. Nc3 Nxc3 11. bxc3 Bf5 12. Nh4 Bd7 13. Bd3 Rc8 14.
Bd2 e6 15. Nf3 Na5 16. h4 a6 17. h5 Nc4 18. Bg5 Qa5 19. Rac1 Rfe8 20. Nh2 h6 21. Bf6 Bxf6 22. exf6 Qd8 23. Qf3 e5 24. hxg6 e4 25. gxf7+ Kxf7 26. Qh5+ Kxf6 27. Qxh6+ Ke7 28. Rfe1 Rc6 29.
Qg7+ Kd6 30. Qg3+ Ke7 31. Nf3 Rg8 32. Qh4+ Ke8 33. Bxe4 dxe4 34. Rxe4+ Be6 35. d5 Qxd5 36. Rce1 Kd7 37. Rd4 Rd6 38. Rxd5 Bxd5 39. Qf4 Kc8 40. Rd1 Rgd8 41. Rxd5 1-0

[Event "*** Titled Tuesday 3|2 Blitz"]
[Site "Chess.com"]
[Date "2016.10.04"]
[Round "8"]
[White "AllStarShark"]
[Black "3f32"]
[Result "1-0"]
[WhiteElo "2288"]
[BlackElo "2259"]
[TimeControl "180+2"]
[EndTime "18:48:52 PDT"]
[Termination "AllStarShark won by resignation"]

1. d4 Nf6 2. Bg5 d5 3. Bxf6 exf6 4. e3 g6 5. g3 Bg7 6. Bg2 c6 7. Ne2 O-O 8. h4 h5 9. b3 b5 10. O-O Re8 11. Nf4 Bg4 12. Qc1 Nd7 13. Nd2 Nb6 14.
c4 bxc4 15. bxc4 g5 16. Nh3 Be2 17. Re1 Bxc4 18. Nxc4 Nxc4 19. Bf1 gxh4 20. Bxc4 dxc4 21. gxh4 f5 22. Ng5 Bf6 23. Qxc4 Bxg5 24. hxg5 Qxg5+ 25. Kf1 f4 26. Qxc6 Rac8 27. Qg2 Qxg2+ 28. Kxg2 fxe3 29.
fxe3 Rc2+ 30. Kf3 Rb8 31. Re2 Rbb2 32. Rxc2 Rxc2 33. d5 Kf8 34. e4 Ke7 35. Kf4 f6 36. Rh1 Rxa2 37. Rxh5 Kd6 38. Rh8 a5 39. Re8 a4 40. Re6+ Kd7 41. Ke3 Ra3+ 42. Kd4 Rf3 43.
Ra6 a3 44. Kc4 Rf4 45. Kd3 f5 46. e5 Rh4 47. Ra7+ Kd8 48. e6 Rh2 49. d6 Kc8 50.
d7+ Kb8 51. d8=Q+ Kxa7 52. Qa5+ Kb7 53. Qb4+ Kc6 54. e7 Kd7 55. Qb7+ Ke8 56. Qc8+ Kxe7 57.
Qc7+ Ke6 58. Qxh2 1-0

[Event "*** Titled Tuesday 3|2 Blitz"]
[Site "Chess.com"]
[Date "2016.10.04"]
[Round "8"]
[White "Kawhi_Leonard2"]
[Black "spirals5"]
[Result "1-0"]
[WhiteElo "2027"]
[BlackElo "2255"]
[TimeControl "180+2"]
[EndTime "18:48:58 PDT"]
[Termination "Kawhi_Leonard2 won on time"]

1. e4 c5 2. Nf3 d6 3. d4 cxd4 4. Nxd4 Nf6 5. Nc3 a6 6. Be2 e5 7. Nb3 Be6 8. Qd3 Nbd7 9. Nd5 Bxd5 10. exd5 Be7 11. O-O O-O 12. c4 e4 13. Qd4 Re8 14. Be3 h6 15. Rac1 Bf8 16. Rfe1 b6 17. Bd2 Nc5 18. Bc3 Na4 19. Bb4 a5 20. Bd2 g6 21.
Be3 Rb8 22. Qd2 Kh7 23. Nd4 Qd7 24. Nc6 Ra8 25. Qc2 Nc5 26. b3 Bg7 27. a3 Ng4 28.
Bxg4 Qxg4 29. b4 Nd3 30. Bxb6 Nxc1 31. Qxc1 axb4 32. axb4 Ra1 33. Qd2 Rxe1+ 34. Qxe1 Ra8 35. Bd4 Bxd4 36. Nxd4 Qf4 37. g3 Qe5 38. Qe3 Ra1+ 39. Kg2 Rb1 40. b5 h5 41. h4 Rb2 42. Nc6 Qf6 43.
Nd4 Kg7 44. b6 Kh7 45. Nb5 Qd8 46. b7 Qb8 47. Qb6 Kg8 48. Qc6 Kg7 49. Qc8 1-0

[Event "*** Titled Tuesday 3|2 Blitz"]
[Site "Chess.com"]
[Date "2016.10.04"]
[Round "8"]
[White "maciek_92"]
[Black "daro94"]
[Result "0-1"]
[WhiteElo "2624"]
[BlackElo "2689"]
[TimeControl "180+2"]
[EndTime "18:49:16 PDT"]
[Termination "daro94 won by resignation"]

1. c4 e6 2. Nf3 d5 3. d4 Nf6 4.
Nc3 Nbd7 5. cxd5 exd5 6. Bg5 h6 7. Bh4 Bb4 8. e3 g5 9. Bg3 Ne4 10. Qc2 h5 11. Nd2 Nxd2 12. Kxd2 h4 13. Be5 Nxe5 14. dxe5 c6 15. a3 Ba5 16. b4 Bc7 17. f4 d4 18. Ne4 dxe3+ 19. Ke1 gxf4 20. Rd1 Qe7 21. Nd6+ Kf8 22. Bc4 Be6 23. Rf1 Rd8 24. Qc3 Rg8 25. Qd4 Rxg2 26. Qxf4 Bxd6 27. exd6 Qd7 28. Qh6+ Kg8 29.
Rf3 Rg6 30. Qxh4 Bxc4 31. Qxc4 Re8 32. Rg3 Rxg3 33. hxg3 e2 34. Rd4 Qh3 35. Rg4+ Kf8 36. Rf4 Qh1+ 37. Kd2 e1=Q+ 38. Kc2 Qc1+ 39. Kb3 Qxc4+ 0-1